 Dungeon Crawl Stone Soup version 0.29.1-1-gd02db6906a (webtiles) character file.

Game seed: 17920592224628883483

401 treewick the Cudgeller (level 6, -8/55 HPs)
             Began as a Minotaur Berserker on Sept 27, 2022.
             Was a Believer of Trog.
             Mangled by a black bear (10 damage)
             ... on level 4 of the Dungeon.
             The game lasted 00:12:20 (3601 turns).

treewick the Cudgeller (Minotaur Berserker)         Turns: 3601, Time: 00:12:21

Health: -8/55      AC:  7    Str: 24    XL:     6   Next: 54%
Magic:  5/5        EV: 11    Int:  4    God:    Trog [**....]
Gold:   1146       SH:  0    Dex:  9    Spells: 5/5 levels left

rFire   . . .      SeeInvis .   b - +1 flail
rCold   . . .      Faith    .   (no shield)
rNeg    . . .      Spirit   .   g - +1 ring mail
rPois   .          Reflect  .   (helmet restricted)
rElec   .          Harm     .   (no cloak)
rCorr   .          Rampage  .   (no gloves)
Will    ++...                   (no boots)
Stlth   +.........              (no amulet)
HPRegen 1.18/turn               (no ring)
MPRegen 0.09/turn               (no ring)

@: strong-willed, on berserk cooldown, regenerating
A: horns 2, retaliatory headbutt
a: Renounce Religion, Berserk, Trog's Hand


You were on level 4 of the Dungeon.
You worshipped Trog.
Trog was pleased with you.
You visited 1 branch of the dungeon, and saw 4 of its levels.

You collected 1146 gold pieces.

Inventory:

Hand Weapons
 b - a +1 flail (weapon)
Missiles
 d - 3 poisoned darts (quivered)
 n - 2 javelins
Armour
 c - a +0 leather armour
 g - a +1 ring mail (worn)
Jewellery
 l - an amulet of faith
Wands
 i - a wand of quicksilver (7)
 u - a wand of mindburst (21)
Scrolls
 e - a scroll of teleportation {unknown}
 f - a scroll of fog {unknown}
 j - a scroll of magic mapping {unknown}
 q - a scroll of poison {unknown}
Potions
 a - 4 potions of curing {unknown}
 h - 2 potions of degeneration {unknown}
 k - a potion of mutation {unknown}
 m - a potion of attraction {unknown}
 o - 3 potions of flight
 p - a potion of heal wounds {unknown}
 r - a potion of lignification {unknown}
 s - a potion of haste {unknown}
 w - a potion of might {unknown}


   Skills:
 + Level 4.8 Fighting
 + Level 6.5 Maces & Flails
 + Level 4.7 Armour
 + Level 3.1 Dodging
 + Level 1.1 Stealth


You had 5 spell levels left.
You didn't know any spells.
Your spell library contained the following spells:

 Spells                   Type           Power      Damage    Failure   Level
 Dispel Undead            Necr           0%         3d6       100%        4
 Olgreb's Toxic Radiance  Pois           0%         N/A       100%        4
 Infestation              Necr           0%         N/A       100%        8


Dungeon Overview and Level Annotations

Branches:
Dungeon (4/15)
 Temple: D:4-7

Altars:
Okawaru
Sif Muna


Innate Abilities, Weirdness & Mutations

You have a pair of horns on your head.
You reflexively headbutt those who attack you in melee.


Message History

The black bear bites you but does no damage.
The black bear claws you. x2
You barely miss the black bear. Your headbutt misses the black bear.
The black bear is severely wounded.
The black bear bites you. The black bear claws you.
The black bear claws you but does no damage.
The black bear closely misses you. The black bear claws you. x2
The black bear barely misses you.
The black bear claws you but does no damage.
The black bear claws you.
You hit the black bear. Your headbutt misses the black bear.
The black bear is almost dead.
You feel yourself speed up.
The black bear bites you but does no damage.
The black bear claws you. The black bear barely misses you.
The black bear bites you but does no damage.
The black bear claws you.
The black bear claws you but does no damage.
You hit the black bear.
The black bear is almost dead.
The black bear bites you but does no damage.
The black bear closely misses you. The black bear claws you.
* * * LOW HITPOINT WARNING * * *
The black bear bites you!
* * * LOW HITPOINT WARNING * * *
The black bear claws you but does no damage.
The black bear barely misses you.
You hit the black bear but do no damage.
The black bear is almost dead.
The black bear barely misses you.
The black bear claws you but does no damage. x2
You hit the black bear. Your headbutt misses the black bear.
The black bear is almost dead.
The black bear bites you.
* * * LOW HITPOINT WARNING * * *
The black bear claws you but does no damage.
The black bear claws you.
* * * LOW HITPOINT WARNING * * *
The black bear bites you!
You die...

..### #.##.##.#
....# .h..... ..#.#
#...# .##.# #.#
..#.######### #.#
#.#.#.......# #.#
#.#.#.###.#.## #.#
....#.##.###.#####.#
#.......#.###..)@h.#
#####.##.###.#######
#.....#.# ######.#
###


You could see a black bear (berserk).

Vanquished Creatures
  An ogre (D:4)
  A bullfrog (D:3)
  A jelly (D:4)
  A hound (D:4)
  9 gnolls
  An adder (D:2)
  A worm (D:2)
  3 dart slugs
  9 ball pythons
  4 endoplasms
  4 giant cockroaches
  7 hobgoblins
  8 jackals
  4 kobolds
  5 quokkas
  5 bats
  A frilled lizard (D:2)
  4 goblins
  3 rats
72 creatures vanquished.

Notes
Turn   | Place    | Note
-------+----------+-------------------------------------------
     0 | D:1      | treewick the Minotaur Berserker began the quest for the
                  | Orb.
     0 | D:1      | Reached XP level 1. HP: 19/19 MP: 0/0
   102 | D:1      | Reached XP level 2. HP: 27/27 MP: 1/1
   105 | D:1      | Reached skill level 4 in Maces & Flails
   136 | D:1      | You fall into a shaft and drop 1 floor!
   455 | D:1      | Reached XP level 3. HP: 32/33 MP: 2/2
   575 | D:1      | Reached ** piety under Trog
   636 | D:1      | Found a faded altar of an unknown god.
  1230 | D:2      | Reached XP level 4. HP: 40/40 MP: 3/3
  1402 | D:3      | Reached skill level 5 in Maces & Flails
  1652 | D:3      | HP: 2/41 [gnoll/+0 flail (6)]
  1922 | D:3      | Reached XP level 5. HP: 26/47 MP: 4/4
  1924 | D:3      | Reached skill level 1 in Stealth
  2194 | D:3      | Found a shimmering blue altar of Sif Muna.
  2194 | D:3      | Found an iron altar of Okawaru.
  2292 | D:3      | Reached skill level 6 in Maces & Flails
  2570 | D:3      | Got Sif Muna's Precepts of Intoxicating Darkness
  3004 | D:4      | Reached XP level 6. HP: 53/53 MP: 5/5
  3425 | D:4      | Identified a scroll of acquirement
  3425 | D:4      | Acquired 900 gold pieces
  3601 | D:4      | HP: 2/55 [black bear (6)]
  3601 | D:4      | Mangled by a black bear

Illustrated notes

Levels and vault maps discovered:
D:1:      tarquinn_simple_flora_water_d, layout_loops_ring,
          basic_ecumenical_altar, minmay_misc_feat_five
D:2:      layout_basic
D:3:      minmay_evil_eye, layout_basic, nicolae_overflow_two_pavilions
D:4:      layout_loops_cross, minmay_misc_feat_room, nrook_loot_triangle,
          uniq_robin

Skill      XL: |  1  2  3  4  5  6 |
---------------+-------------------+-----
Maces & Flails | 4 5 6 |  6.5
Fighting       | 4 |  4.8
Armour         | 3 4 |  4.7
Stealth        | 1 |  1.1
Dodging        | 3 |  3.1

Action                   |  1- 3 |  4- 6 || total
-------------------------+-------+-------++-------
Melee: Mace              |     6 |       ||     6
       Flail             |    49 |    91 ||   140
       Headbutt          |     7 |    14 ||    21
       Punch             |       |     2 ||     2
Throw: Dart              |       |     1 ||     1
Invok: Berserk           |       |     5 ||     5
       Trog's Hand       |       |     2 ||     2
  Use: Scroll            |       |     9 ||     9
 Stab: Sleeping          |     1 |       ||     1
Armor: Animal skin       |     1 |       ||     1
       Leather armour    |     7 |       ||     7
       Ring mail         |     6 |    36 ||    42
Dodge: Dodged            |    31 |    79 ||   110
